 Dungeon Crawl Stone Soup version 0.23-a0-487-gc6253629db (console) character file.

48 Gottschkopf the Changer (level 3, 0/28 HPs)
             Began as a Draconian Transmuter on Dec 1, 2018.
             Succumbed to an adder's poison
             ... on level 2 of the Dungeon.
             The game lasted 00:01:35 (895 turns).

Gottschkopf the Changer (Draconian Transmuter)       Turns: 895, Time: 00:01:36

Health: 0/28       AC:  6    Str: 12    XL:     3   Next: 50%
Magic:  6/6        EV: 12    Int: 14    God:
Gold:   87         SH:  0    Dex: 11    Spells: 2/6 levels left

rFire    . . .     SeeInvis .   g - +1 dagger (flame)
rCold    . . .     Gourm    .   (no shield)
rNeg     . . .     Faith    .   (armour unavailable)
rPois    .         Spirit   .   (helmet restricted)
rElec    .         Reflect  .   (no cloak)
rCorr    .         Harm     .   j - +0 pair of gloves
MR       .....                  (no boots)
Stlth    +.........             (no amulet)
HPRegen  0.09/turn              (no ring)
MPRegen  0.10/turn              (no ring)

@: lethally poisoned (0 -> -10)
A: unfitting armour, cold-blooded, AC +5
a: no special abilities


You were on level 2 of the Dungeon.
You were not hungry.

You visited 1 branch of the dungeon, and saw 2 of its levels.

You collected 87 gold pieces.

Inventory:

Hand Weapons
 e - a +1 hand axe of chopping
 g - a +1 dagger of flaming (weapon)
Missiles
 a - 69 arrows
Armour
 j - a +0 pair of gloves (worn)
Scrolls
 b - a scroll of identify {unknown}
 d - a scroll of enchant weapon {unknown}
 f - a scroll of teleportation {unknown}
Potions
 h - 2 potions of heal wounds {unknown}
 i - a potion of mutation {unknown}
Comestibles
 c - 7 rations
 k - 3 chunks of flesh


   Skills:
 - Level 1.1 Fighting
 - Level 1.7 Dodging
 - Level 3.0 Unarmed Combat
 - Level 2.0 Spellcasting
 + Level 4.0 Transmutations


You had 2 spell levels left.
You knew the following spells:

 Your Spells              Type           Power        Failure   Level  Hunger
a - Beastly Appendage     Tmut           ##....       4%          1    ##.....
b - Spider Form           Tmut/Pois      #.........   30%         3    ####...

Your spell library contained the following spells:

 Spells                   Type           Power        Failure   Level  Hunger
 Sticks to Snakes         Tmut           ##......     7%          2    ###....
 Ice Form                 Ice/Tmut       #.......     71%         4    #####..
 Blade Hands              Tmut           ##........   77%         5    ######.


Dungeon Overview and Level Annotations

Branches:
Dungeon (2/15)

Altars:


Innate Abilities, Weirdness & Mutations

Your plain brown scales are hard. (AC +5)
You cannot fit into any form of body armour.
You are cold-blooded and may be slowed by cold attacks.


Message History

The adder is heavily wounded.
The adder bites you.
* * * LOW HITPOINT WARNING * * *
The adder bites you.
* * * LOW HITPOINT WARNING * * *
You are more poisoned.
The adder poisons you!
You hit the adder but do no damage. Your kick misses the adder.
The adder is heavily wounded.
* * * LOW HITPOINT WARNING * * *
You feel sick. The adder bites you but does no damage.
You miss the adder.
The adder is heavily wounded.
Your talons disappear.
* * * LOW HITPOINT WARNING * * *
You feel sick. The adder misses you.
You hit the adder. You burn the adder.
You kill the adder!
Your Transmutations skill increases to level 4!
You die...

#.........)
#.......... ..
....[.$.... #..
..........
#..###........#
...........$...
#.....†.......
#### #...@†......
..######.
##..........
##...(....
#.÷......... ....#
##..........#
###.#
####..........##
#.#
#........#.####
#.#####$#........#
#.÷....)#......###
#..######......#


There were no monsters in sight!

Vanquished Creatures
  2 adders (D:2)
  A dart slug (D:1)
  A leopard gecko (D:1)
  A ball python (D:1)
  3 giant cockroaches
  4 goblins
  4 hobgoblins
  6 kobolds (D:1)
  A frilled lizard (D:2)
  A rat (D:1)
24 creatures vanquished.

Notes
Turn   | Place    | Note
-------+----------+-------------------------------------------
     0 | D:1      | Gottschkopf the Draconian Transmuter began the quest for
                  | the Orb.
     0 | D:1      | Reached XP level 1. HP: 16/16 MP: 3/3
   158 | D:1      | Reached XP level 2. HP: 23/23 MP: 3/5
   224 | D:1      | Reached skill level 3 in Transmutations
   862 | D:2      | Reached XP level 3. HP: 26/28 MP: 4/6
   867 | D:2      | Learned a level 3 spell: Spider Form
   894 | D:2      | HP: 1/28 [poisoned by an adder]
   895 | D:2      | Reached skill level 4 in Transmutations
   895 | D:2      | Succumbed to an adder's poison

Vault maps used:
D:1:      dpeg_arrival_boxes_within_box
D:2:      uniq_crazy_yiuf_cottage

Skill      XL: |  1  2  3 |
---------------+----------+-----
Transmutations | 3 4 |  4.0
Fighting       | |  1.1
Dodging        | |  1.7
Unarmed Combat | |  3.0
Spellcasting   | |  2.0

Action                   || total
-------------------------++-------
Melee: Hand axe          ||    29
       Unarmed           ||     3
       Kick              ||     4
       Dagger            ||    42
       Headbutt          ||     4
       Tailslap          ||     1
       Punch             ||     1
 Cast: Beastly Appendage ||    16
 Stab: Sleeping          ||     1
Armor: Skin              ||    18
Dodge: Dodged            ||    43

Table legend:
 A = Non-vault XP
 B = Vault XP
 C = Vault XP percentage of total XP
 D = Non-vault monster count
 E = Vault monster count
 F = Vault count percentage of total count
                 A         B        C        D         E       F
            +---------+---------+-------+---------+---------+-------
      Total |      69 |       0 |   0.0 |      24 |       0 |   0.0
            +---------+---------+-------+---------+---------+-------
        D:1 |      34 |       0 |   0.0 |      17 |       0 |   0.0
        D:2 |      35 |       0 |   0.0 |       7 |       0 |   0.0
            +---------+---------+-------+---------+---------+-------
